Construct Infanterie Kompanie
Selects Mechanized Battlegroup
Construct Infanterie Kompanie
Construct Panzergrenadier Kompanie
Pak 40 Anti-tank Gun Team
Selects 8 Rad Armored Car
Construct Panzer Kompanie
Selects Mobile Repair Stations
Pak 40 Anti-tank Gun Team
Selects UNKNOWN (2160084)
Selects Wespe Self-propelled Artillery
Selects Mechanized Assault